[Event "Titled Tuesday Blitz July 4 Late 2023"]
[White "Omariev, Maksim"]
[Black "Ovchinnikov, Vsevolod"]
[WhiteFideId "4193423"]
[BlackFideId "24176842"]
[WhiteElo "2426"]
[BlackElo "2581"]
[Result "1/2-1/2"]
[Round "3"]
[TimeControl "180+2"]
[Date "2023.07.04"]
[WhiteClock "0:00:06"]
[BlackClock "0:00:13"]
[Board "86"]

1. g4 d5 2. Bg2 c6 3. h3 e5 4. d4 exd4 5. Qxd4 Qf6 6. Nf3 Nd7 7. Bg5 Qxd4 8. Nxd4 Ngf6 9. Nd2 Bc5 10. N2b3 Bb6 11. Nf5 O-O 12. O-O Re8 13. e3 Bc7 14. Rad1 g6 15. Nfd4 Kg7 16. Rfe1 Ne4 17. Bf4 Bxf4 18. exf4 Nd6 19. Rxe8 Nxe8 20. f5 g5 21. Re1 Kf8 22. f4 gxf4 23. Ne2 Nd6 24. Nxf4 Nc4 25. Nh5 a5 26. f6 a4 27. Nd4 Nc5 28. Ng7 Bd7 29. b3 axb3 30. axb3 Nd6 31. g5 Nce4 32. Bxe4 Nxe4 33. h4 Rd8 34. c4 c5 35. cxd5 Nc3 36. Ndf5 Nxd5 37. Nh6 Bc6 38. Ngf5 b5 39. Rd1 c4 40. Ne7 Bb7 41. Nxd5 Rxd5 42. Rxd5 Bxd5 43. bxc4 Bxc4 44. Kf2 b4 45. Ke3 b3 46. Kd2 Bd5 47. Kc3 Be6 48. h5 Ke8 49. Ng8 Kd7 50. Ne7 Kd6 51. g6 fxg6 52. hxg6 hxg6 53. Nxg6 Bf7 54. Nh8 Ke6 55. Nxf7 Kxf7 56. Kxb3 Kxf6 1/2-1/2


[Site "https://www.chess.com"]

[Event "Titled Tuesday Blitz July 4 Late 2023"]
[White "Czerw, Dawid"]
[Black "Mickiewicz, Piotr"]
[WhiteFideId "1145746"]
[BlackFideId "1114891"]
[WhiteElo "2578"]
[BlackElo "2424"]
[Result "1/2-1/2"]
[Round "3"]
[TimeControl "180+2"]
[Date "2023.07.04"]
[WhiteClock "0:00:11"]
[BlackClock "0:00:22"]
[Board "87"]

1. e4 e5 2. Nf3 Nc6 3. Bb5 a6 4. Ba4 Nf6 5. d4 exd4 6. O-O Be7 7. e5 Ne4 8. Nxd4 Nc5 9. Nf5 O-O 10. Qg4 g6 11. Nxe7+ Qxe7 12. Bxc6 dxc6 13. Qg3 f5 14. exf6 Qxf6 15. Qxc7 Rf7 16. Qb6 Ne4 17. Nd2 Bf5 18. Nxe4 Bxe4 19. Bd2 Bxg2 20. Rfe1 Bf3 21. Qe3 Rd8 22. Bc3 Qh4 23. Qe5 Qg4+ 24. Qg3 Qxg3+ 25. fxg3 h5 26. Re3 Bd5 27. Rae1 Kh7 28. Re7 Rd7 29. Re8 g5 30. Rh8+ Kg6 31. Rg8+ Kf5 32. h3 Rde7 33. Rf1+ Ke4 34. Rxg5 Rxf1+ 35. Kxf1 Rf7+ 36. Ke1 Rf5 37. Rxf5 Kxf5 38. Kf2 Be4 39. b4 Bxc2 40. a3 Bd3 41. Ke3 Bc2 42. Bd4 Bb3 43. Kf3 Be6 44. g4+ hxg4+ 45. hxg4+ Kg6 46. Kf4 Bb3 47. g5 Bc2 48. Be3 Bd3 49. Ke5 a5 50. bxa5 Ba6 51. Kd6 Bb5 52. Kc5 Ba6 53. Kb6 Kf7 54. Kc7 Kg6 55. Kd6 Kf7 56. Ke5 Kg6 57. Ke6 Bb5 58. Kd7 Ba6 59. Ke6 Bc4+ 60. Ke7 Ba6 61. Kd8 c5 62. Ke7 c4 63. Kd6 c3 64. Kc5 c2 65. Kd4 c1=Q 66. Bxc1 Kf5 67. Kc5 Kg6 68. Kd6 Kf7 69. Ke5 Kg6 70. Kd4 Bb5 71. Kc5 Ba6 72. Kd6 Bb5 73. Kc7 Ba6 74. Kb8 Kf5 75. Ka7 Kg6 76. Kb6 Kf5 77. Kc5 Kg6 1/2-1/2


[Site "https://www.chess.com"]

[Event "Titled Tuesday Blitz July 4 Late 2023"]
[White "Bueno, Alfeu Junior Varela"]
[Black "Sowa, Ryan"]
[WhiteFideId "2108879"]
[BlackFideId "30901693"]
[WhiteElo "2423"]
[BlackElo "2576"]
[Result "1-0"]
[Round "3"]
[TimeControl "180+2"]
[Date "2023.07.04"]
[WhiteClock "0:00:04"]
[BlackClock "0:00:01"]
[Board "88"]

1. e4 b6 2. d4 Bb7 3. Bd3 Nf6 4. Qe2 Nc6 5. c3 e5 6. d5 Ne7 7. f4 exf4 8. Bxf4 Ng6 9. Bg3 Bd6 10. Bxd6 cxd6 11. Nf3 O-O 12. O-O Re8 13. Qc2 Nf4 14. Nbd2 Qc7 15. Nd4 Nxd3 16. Qxd3 Ng4 17. Qg3 Ne5 18. Nf5 g6 19. Nf3 Rf8 20. N3d4 Kh8 21. Qh4 f6 22. Nh6 Qd8 23. Rf2 Qe7 24. Raf1 Qg7 25. Rxf6 Rxf6 26. Rxf6 g5 27. Qf2 Ng6 28. Ng4 Qe7 29. Rf7 Rf8 30. Rxe7 Rxf2 31. Rxd7 Rf4 32. h3 Ba6 33. Nf5 Kg8 34. Nf6+ Kf8 35. Nxh7+ Ke8 36. Nf6+ Kf8 37. Rxa7 Bd3 38. Nd7+ Ke8 39. Nxb6 Bxe4 40. Nxd6+ Kf8 41. Nxe4 Rxe4 42. d6 Re2 43. d7 Ke7 44. Ra8 Rd2 45. Re8+ Kf7 46. d8=Q 1-0


[Site "https://www.chess.com"]

[Event "Titled Tuesday Blitz July 4 Late 2023"]
[White "Yurovskykh, Oleksandr"]
[Black "Romero Ruscalleda, Josep"]
[WhiteFideId "14134020"]
[BlackFideId "2231859"]
[WhiteElo "2571"]
[BlackElo "2422"]
[Result "1-0"]
[Round "3"]
[TimeControl "180+2"]
[Date "2023.07.04"]
[WhiteClock "0:00:22"]
[BlackClock "0:00:16"]
[Board "89"]

1. d4 g6 2. c4 Bg7 3. e4 d6 4. Nc3 e5 5. Nf3 Nc6 6. d5 Nce7 7. Be2 f5 8. O-O Nf6 9. exf5 gxf5 10. Ne1 f4 11. Nd3 O-O 12. f3 Nf5 13. Nf2 a6 14. Bd3 Nh6 15. Nce4 Qe8 16. Nxf6+ Rxf6 17. Qc2 Bf5 18. Bd2 Qg6 19. Kh1 Kh8 20. Rg1 Qh5 21. g4 fxg3 22. Rxg3 Bxd3 23. Qxd3 Qf7 24. Bxh6 Rxh6 25. Rag1 Bf6 26. Qf5 Rf8 27. Ne4 b5 28. b3 bxc4 29. bxc4 Rg6 30. Rxg6 hxg6 31. Qxg6 Qxg6 32. Rxg6 Bg7 33. Kg2 Rf4 34. Re6 Rf7 35. Re8+ Kh7 36. Ng5+ Kg6 37. Nxf7 Kxf7 38. Ra8 Bf6 39. Rxa6 Kg6 40. Ra7 Kf5 41. Rxc7 Bg5 42. Rf7+ Kg6 43. Rf8 Be3 44. a4 Bc5 45. Rc8 Bb6 46. Rc6 Bc5 47. Rxc5 dxc5 48. a5 1-0


[Site "https://www.chess.com"]

[Event "Titled Tuesday Blitz July 4 Late 2023"]
[White "Petesch, Gabriel"]
[Black "Castella Garcia, Fausto"]
[WhiteFideId "2032465"]
[BlackFideId "3501922"]
[WhiteElo "2571"]
[BlackElo "2421"]
[Result "1-0"]
[Round "3"]
[TimeControl "180+2"]
[Date "2023.07.04"]
[WhiteClock "0:00:21"]
[BlackClock "0:00:32"]
[Board "90"]

1. Nf3 c5 2. b3 Nf6 3. Bb2 g6 4. e3 Bg7 5. Be2 O-O 6. O-O d6 7. c4 Nc6 8. d4 Ne4 9. Nbd2 Bf5 10. Rc1 Qa5 11. a3 Nxd2 12. Nxd2 cxd4 13. exd4 Nxd4 14. Bxd4 Bxd4 15. c5 dxc5 16. b4 Qc7 17. Nb3 Rfd8 18. Nxd4 Qe5 19. Nf3 Rxd1 20. Nxe5 Rd5 21. f4 cxb4 22. Bc4 Rd2 23. Bxf7+ Kg7 24. axb4 a5 25. Rc7 axb4 26. Rxe7 Kf6 27. Rxb7 Be4 28. Ng4+ Kg7 29. Bd5+ 1-0


[Site "https://www.chess.com"]

[Event "Titled Tuesday Blitz July 4 Late 2023"]
[White "Sebag, Marie"]
[Black "Seresin, Francesco"]
[WhiteFideId "617822"]
[BlackFideId "886335"]
[WhiteElo "2567"]
[BlackElo "2418"]
[Result "1-0"]
[Round "3"]
[TimeControl "180+2"]
[Date "2023.07.04"]
[WhiteClock "0:02:21"]
[BlackClock "0:01:53"]
[Board "91"]

1. d4 d5 2. c4 e6 3. Nc3 Nf6 4. cxd5 exd5 5. Bg5 c6 6. Qc2 Be7 7. e3 h6 8. Bh4 O-O 9. Bd3 Re8 10. Nge2 Na6 11. a3 Nc7 12. O-O a5 13. Rae1 Ne6 14. f3 c5 15. dxc5 Bxc5 16. Bxf6 Bxe3+ 17. Kh1 Qxf6 18. Nxd5 Qe5 19. Nec3 Nd4 20. Qd1 1-0


[Site "https://www.chess.com"]

[Event "Titled Tuesday Blitz July 4 Late 2023"]
[White "Philippe, Guillaume"]
[Black "Dinosaurio_1975"]
[WhiteFideId "36048763"]
[WhiteElo "2416"]
[BlackElo "2565"]
[Result "1-0"]
[Round "3"]
[TimeControl "180+2"]
[Date "2023.07.04"]
[WhiteClock "0:00:21"]
[BlackClock "0:00:03"]
[Board "92"]

1. e4 c5 2. Nf3 d6 3. d4 cxd4 4. Nxd4 Nf6 5. Nc3 a6 6. h3 e5 7. Nb3 Be7 8. g4 Be6 9. g5 Nfd7 10. h4 b5 11. f4 exf4 12. Bxf4 Ne5 13. Nd4 O-O 14. Bh3 Bxh3 15. Rxh3 Qd7 16. Nf5 Ng6 17. Bxd6 Bxd6 18. Qxd6 Qxd6 19. Nxd6 Nc6 20. O-O-O Nce5 21. Nd5 Rfd8 22. Nf5 Ng4 23. h5 Nf2 24. hxg6 Nxh3 25. Nfe7+ Kh8 26. Rh1 Nxg5 27. gxf7 Rd6 28. Nf4 g6 29. Nfxg6+ Kg7 30. Nf5+ Kxg6 31. Nxd6 Nxf7 32. Nxf7 Kxf7 33. Rxh7+ Ke6 34. Rb7 Ke5 35. Re7+ Kd4 36. Kd2 Rh8 37. c3+ Kc4 38. b3+ Kc5 39. Re5+ Kc6 40. Kd3 Rh2 41. a4 Kd6 42. Rd5+ Kc6 43. axb5+ axb5 44. Rf5 Rh3+ 45. Kd4 Rh2 46. Rf6+ Kc7 47. Kc5 Rh5+ 48. Kb4 Re5 49. Rf5 Rxe4+ 50. Kxb5 Re3 51. Kb4 Re4+ 52. c4 Re3 53. Rb5 Kc6 54. Rc5+ Kb6 55. Rd5 Kc6 56. Rd1 Re2 57. Rh1 Ra2 58. Rh6+ Kb7 59. Kb5 Rf2 60. Rh7+ Kb8 61. c5 Rf6 62. b4 Rg6 63. c6 Rg4 64. Ka5 Rg1 65. b5 Rg8 66. Kb6 Rf8 67. Rb7+ Ka8 68. Rd7 Kb8 69. c7+ Kc8 70. Rd8+ Rxd8 71. cxd8=Q+ Kxd8 72. Ka7 Kc8 73. b6 Kd7 74. b7 Kc6 75. b8=Q 1-0


[Site "https://www.chess.com"]

[Event "Titled Tuesday Blitz July 4 Late 2023"]
[White "reevecanada"]
[Black "Pein, Jonathan"]
[BlackFideId "417092"]
[WhiteElo "2564"]
[BlackElo "2415"]
[Result "0-1"]
[Round "3"]
[TimeControl "180+2"]
[Date "2023.07.04"]
[WhiteClock "0:00:03"]
[BlackClock "0:00:23"]
[Board "93"]

1. e4 e5 2. Nf3 d6 3. d4 exd4 4. Qxd4 Nf6 5. Bb5+ c6 6. Bc4 Be7 7. Nc3 b5 8. Bd3 O-O 9. O-O Nbd7 10. e5 dxe5 11. Nxe5 Bc5 12. Qf4 Bd6 13. Nxc6 Bxf4 14. Nxd8 Bxc1 15. Raxc1 Rxd8 16. Nxb5 Ne5 17. Be2 Bf5 18. h3 a6 19. Nc7 Rac8 20. Nxa6 Rxc2 21. Rxc2 Bxc2 22. b4 Rd2 23. Re1 Nd3 24. Bxd3 Bxd3 25. Nc5 g6 26. Nxd3 Rxd3 27. Rb1 Ra3 28. Rb2 Nd7 29. Kf1 Kf8 30. Ke2 Ke7 31. Rc2 Kd6 32. Rd2+ Kc7 33. b5 Ra5 34. Rc2+ Kb7 35. Rb2 Kb6 36. Rd2 Kc7 37. Rc2+ Kd6 38. Rd2+ Ke6 39. Rb2 Nb6 40. Kd3 Kd5 41. Kc3 Na4+ 42. Kb4 Rxb5+ 43. Kxb5 Nxb2 44. a4 Nxa4 45. Kxa4 Kd4 46. Kb4 Kd3 47. Kc5 Ke2 48. f4 Ke3 49. f5 gxf5 50. Kd5 Kf4 51. h4 h5 52. Kd4 f6 53. Kd3 Kg3 54. Ke3 f4+ 55. Ke4 Kg4 56. Kd5 Kxh4 57. Ke4 Kg3 58. Kf5 h4 0-1


[Site "https://www.chess.com"]

[Event "Titled Tuesday Blitz July 4 Late 2023"]
[White "Prydun, Andriy"]
[Black "Vovk, Orest"]
[WhiteFideId "14145898"]
[BlackFideId "14113490"]
[WhiteElo "2414"]
[BlackElo "2563"]
[Result "0-1"]
[Round "3"]
[TimeControl "180+2"]
[Date "2023.07.04"]
[WhiteClock "0:00:01"]
[BlackClock "0:00:05"]
[Board "94"]

1. d4 h6 2. c3 g5 3. Nd2 Bg7 4. b3 c5 5. e3 Nc6 6. Bb2 d5 7. Bd3 Nf6 8. Ne2 cxd4 9. cxd4 O-O 10. a3 Bg4 11. Rc1 Qd7 12. b4 Bf5 13. Nb3 Bxd3 14. Qxd3 b6 15. Ng3 e6 16. O-O Ne7 17. Nd2 Rac8 18. Qb3 h5 19. Nf3 h4 20. Ne2 Ne4 21. Ne5 Bxe5 22. dxe5 Nd2 23. Qd3 Nxf1 24. Rxf1 Rc4 25. Nd4 Nf5 26. f4 g4 27. Qe2 Nh6 28. h3 gxh3 29. Qh5 Kh7 30. f5 Rg8 31. Rf2 Rxg2+ 32. Rxg2 hxg2 33. Qxh4 Qe8 34. Qh5 Qg8 35. Nf3 Rg4 36. e4 dxe4 37. Bc1 Qg7 38. Bxh6 Qxh6 39. Qxg4 exf3 40. Qxf3 Qh1+ 0-1


[Site "https://www.chess.com"]

[Event "Titled Tuesday Blitz July 4 Late 2023"]
[White "GAO"]
[Black "Bruedigam, Martin"]
[BlackFideId "24608033"]
[WhiteElo "2413"]
[BlackElo "2560"]
[Result "0-1"]
[Round "3"]
[TimeControl "180+2"]
[Date "2023.07.04"]
[WhiteClock "0:00:13"]
[BlackClock "0:00:44"]
[Board "95"]

1. Nf3 Nf6 2. b3 g6 3. Bb2 Bg7 4. g3 O-O 5. Bg2 c6 6. O-O d5 7. d4 Bf5 8. c4 e6 9. Nc3 Ne4 10. Rc1 Nxc3 11. Bxc3 Be4 12. e3 Re8 13. Bh3 Bxf3 14. Qxf3 Nd7 15. e4 dxe4 16. Qxe4 Nb6 17. Rfd1 Qe7 18. Bg2 Rad8 19. Ba1 Rd7 20. h4 h5 21. Qe2 Red8 22. Qe4 Nc8 23. Rc2 Nd6 24. Qd3 Nf5 25. Rcd2 Bxd4 26. Bxd4 Rxd4 27. Qe2 Rxd2 28. Rxd2 Rxd2 29. Qxd2 c5 30. Be4 Nd4 31. Kg2 b6 32. Qf4 Kg7 33. Qe5+ Kh6 34. Qf4+ Kh7 35. Qe5 Kg8 36. Qb8+ Kg7 37. Qe5+ f6 38. Qb8 f5 39. Bb7 f4 40. Be4 fxg3 41. fxg3 Nf5 42. Qe5+ Kh7 43. Bf3 Qd6 44. Qf6 Qxg3+ 45. Kf1 Qxf3+ 46. Ke1 Qe3+ 47. Kd1 Ng7 48. Qf7 Qd4+ 49. Kc1 Qxh4 50. Kb1 Qe4+ 51. Kb2 Qa8 52. Ka3 a6 53. Ka4 Qc6+ 54. Ka3 b5 55. cxb5 axb5 56. Qa7 Qd6 57. Kb2 b4 58. Qb7 Qe5+ 59. Kb1 h4 60. Qg2 Qf5+ 61. Ka1 h3 62. Qc2 Qxc2 63. a4 h2 64. a5 h1=Q# 0-1


[Site "https://www.chess.com"]

[Event "Titled Tuesday Blitz July 4 Late 2023"]
[White "AdvanceGuard4"]
[Black "Mikhalsky, Vladimir"]
[BlackFideId "14144352"]
[WhiteElo "2557"]
[BlackElo "2413"]
[Result "0-1"]
[Round "3"]
[TimeControl "180+2"]
[Date "2023.07.04"]
[WhiteClock "0:00:00"]
[BlackClock "0:00:11"]
[Board "96"]

1. d4 Nf6 2. Bf4 g6 3. Nc3 Bg7 4. e4 O-O 5. Qd2 d5 6. e5 Ne4 7. Nxe4 dxe4 8. O-O-O c5 9. dxc5 Qxd2+ 10. Rxd2 Nd7 11. e6 Nxc5 12. exf7+ Rxf7 13. Be3 b6 14. Bc4 Be6 15. Bxe6 Nxe6 16. Ne2 Rc8 17. Ng3 Nc5 18. Rhd1 Nd3+ 19. Kb1 Nxb2 20. Rd8+ Rf8 21. Rxf8+ Kxf8 22. Rd7 a5 23. Nxe4 Nc4 24. Bc1 Ke8 25. Rb7 Rc6 26. Nd2 Nd6 27. Rb8+ Kf7 28. Bb2 Bh6 29. Nf3 Nc4 30. Bd4 Rd6 31. Rh8 Nd2+ 32. Kb2 Nxf3 33. Rxh7+ Ke6 34. gxf3 Rxd4 35. Rxh6 Kf6 36. h4 Rb4+ 37. Kc1 Rf4 38. h5 Rxf3 39. Rxg6+ Kf7 40. Rxb6 Rxf2 41. h6 Rh2 42. a3 a4 43. c4 Rh4 44. c5 Rc4+ 45. Kd2 Rxc5 46. Kd3 Rh5 47. Kc4 e6 48. Rb7+ Kg6 49. Re7 Kf6 0-1


[Site "https://www.chess.com"]

[Event "Titled Tuesday Blitz July 4 Late 2023"]
[White "The_Sherman_Variation"]
[Black "krucki03"]
[WhiteElo "2557"]
[BlackElo "2411"]
[Result "1/2-1/2"]
[Round "3"]
[TimeControl "180+2"]
[Date "2023.07.04"]
[WhiteClock "0:00:16"]
[BlackClock "0:00:08"]
[Board "97"]

1. g4 c6 2. h4 d5 3. g5 e5 4. Bh3 Bxh3 5. Rxh3 Nd7 6. d4 e4 7. Bf4 Ne7 8. c4 Nb6 9. c5 Nd7 10. Rb3 b6 11. cxb6 axb6 12. Rc3 Rc8 13. a3 Nf5 14. h5 Bd6 15. Bxd6 Nxd6 16. Nh3 Qe7 17. Nd2 Nf5 18. Nf1 h6 19. g6 fxg6 20. hxg6 Qf6 21. e3 O-O 22. Nf4 Nxd4 23. Qxd4 Qxd4 24. exd4 Rxf4 25. Rac1 Rf6 26. Ne3 Rxg6 27. Nxd5 Rg1+ 28. Ke2 Rxc1 29. Rxc1 Kf7 30. Ke3 Ke6 31. Nf4+ Kf5 32. Ne2 Nf6 33. Ng3+ Ke6 34. Nxe4 Nd5+ 35. Kd3 Kd7 36. Rg1 g6 37. Nc3 Nf4+ 38. Ke4 g5 39. Rh1 Re8+ 40. Kf3 Re6 41. Ne4 Nd3 42. b3 g4+ 43. Ke3 Rxe4+ 44. Kxd3 Re6 45. Rh4 Rg6 46. Kc4 Ke6 47. Rh5 Rf6 48. a4 Rxf2 49. Rxh6+ Kd7 50. Rg6 Rg2 51. d5 cxd5+ 52. Kxd5 Kc7 53. Kc4 Rg1 54. Kb5 g3 55. Rg7+ Kd6 56. b4 g2 57. Rg6+ Kc7 58. Rg5 Kd6 59. Kxb6 Rb1 60. Rxg2 Rxb4+ 61. Ka5 Rb8 62. Rg6+ Kc7 63. Ra6 Kb7 64. Rb6+ Ka7 65. Ra6+ Kb7 66. Rg6 Ka7 67. Rg7+ Rb7 68. Rg5 Ka8 69. Ka6 Ra7+ 70. Kb5 Rb7+ 71. Kc4 Ka7 72. Rb5 Rxb5 73. axb5 Kb6 74. Kb4 Kb7 75. Kc5 Kc7 76. b6+ Kb7 77. Kb5 Kb8 78. Kc6 Kc8 79. Kc5 Kb7 80. Kb5 Kb8 81. Ka4 Kb7 82. Kb5 1/2-1/2


[Site "https://www.chess.com"]

[Event "Titled Tuesday Blitz July 4 Late 2023"]
[White "Szyszylo, Rafal"]
[Black "Estrada Nieto, Julian"]
[WhiteFideId "1109626"]
[BlackFideId "5101018"]
[WhiteElo "2410"]
[BlackElo "2555"]
[Result "0-1"]
[Round "3"]
[TimeControl "180+2"]
[Date "2023.07.04"]
[WhiteClock "0:00:55"]
[BlackClock "0:00:59"]
[Board "98"]

1. e4 e5 2. Bc4 Nf6 3. Nc3 Nc6 4. d3 Bc5 5. f4 exf4 6. Bxf4 d6 7. d4 Nxd4 8. Nf3 Bg4 9. h3 Bxf3 10. gxf3 Nh5 11. Be3 Qh4+ 12. Bf2 Ng3 13. Rg1 Ndf5 14. exf5 Bxf2+ 15. Kxf2 Nxf5+ 16. Kf1 Ne3+ 17. Ke2 Nxd1 18. Bxf7+ Kxf7 19. Raxd1 Rhe8+ 20. Ne4 Rxe4+ 21. fxe4 Qxe4+ 22. Kd2 Qf4+ 23. Kd3 Kg8 24. Rdf1 Qe5 25. c3 Rf8 26. Rxf8+ Kxf8 27. Rf1+ Ke7 28. Rf3 Qd5+ 29. Ke3 Qxa2 30. Rf2 a5 31. b4 Qxf2+ 0-1


[Site "https://www.chess.com"]

[Event "Titled Tuesday Blitz July 4 Late 2023"]
[White "Jovic, Stanoje"]
[Black "Melikhov, Evgeny V."]
[WhiteFideId "905020"]
[BlackFideId "4122046"]
[WhiteElo "2554"]
[BlackElo "2410"]
[Result "1-0"]
[Round "3"]
[TimeControl "180+2"]
[Date "2023.07.04"]
[WhiteClock "0:00:12"]
[BlackClock "0:00:01"]
[Board "99"]

1. c4 e5 2. g3 d6 3. Bg2 f5 4. Nc3 Nf6 5. d3 Be7 6. Nf3 O-O 7. O-O a5 8. Rb1 c6 9. a3 Na6 10. b4 Nc7 11. b5 Bd7 12. Bd2 Ne6 13. Na4 e4 14. Ng5 Nxg5 15. Bxg5 cxb5 16. cxb5 d5 17. dxe4 dxe4 18. Bxf6 Bxf6 19. Qd5+ Kh8 20. Qxb7 Rb8 21. Qd5 Qe7 22. Rfd1 Be6 23. Qc5 Qxc5 24. Nxc5 Ba2 25. Nd7 Bxb1 26. Rxb1 Bd4 27. e3 Bb6 28. Nxf8 Rxf8 29. g4 g6 30. a4 Kg7 31. Rc1 Rf6 32. gxf5 gxf5 33. Kf1 Rd6 34. Ke2 Kf6 35. Rc8 Ke5 36. Re8+ Re6 37. Rh8 Re7 38. Bh3 f4 39. Rf8 fxe3 40. fxe3 Rc7 41. Rf5+ Kd6 42. Rf6+ Kc5 43. Bf5 Re7 44. Rc6+ Kb4 45. Rxb6 Kxa4 46. Rb8 Kb4 47. b6 Kb5 48. b7 Kb6 49. Ra8 Rxb7 50. Bxe4 Re7 51. Bd3 Kc5 52. Rxa5+ Kb4 53. Rh5 Kc3 54. Rxh7 Re6 55. Rc7+ Kb4 56. h4 Rh6 57. Rc4+ Kb3 58. Rf4 Kc3 59. Be4 Rh8 60. Kf3 Rg8 61. h5 Rg1 62. Bg6 Rh1 63. Rf8 Kc4 64. Ke4 Kc5 65. Rd8 Kc6 66. Ke5 Kc7 67. Rd4 Rh2 68. e4 Kc6 69. Ke6 Kc5 70. Rd5+ Kc6 71. e5 Kc7 72. Rd7+ Kc6 73. Ke7 Re2 74. e6 Rf2 75. Rd3 Kc7 76. h6 Rh2 77. h7 1-0


[Site "https://www.chess.com"]

[Event "Titled Tuesday Blitz July 4 Late 2023"]
[White "Carrasco Miranda, Andres"]
[Black "Przybylski, Wojciech"]
[WhiteFideId "3405990"]
[BlackFideId "1117599"]
[WhiteElo "2409"]
[BlackElo "2554"]
[Result "0-1"]
[Round "3"]
[TimeControl "180+2"]
[Date "2023.07.04"]
[WhiteClock "0:00:04"]
[BlackClock "0:00:08"]
[Board "100"]

1. d4 d5 2. c4 dxc4 3. e4 e5 4. Nf3 exd4 5. Bxc4 Bb4+ 6. Nbd2 Nf6 7. O-O Nc6 8. e5 Nd5 9. Ne4 Be7 10. Re1 O-O 11. Bg5 Nb6 12. Bd3 Bg4 13. Bf4 Nd5 14. Bg3 Ndb4 15. Bc4 d3 16. Rc1 Nd4 17. a3 Bxf3 18. gxf3 Nbc2 19. Qxd3 Nxe1 20. Rxe1 Nc6 21. Qe3 Qd4 22. Qxd4 Nxd4 23. f4 Nf3+ 24. Kf1 Nxe1 25. Kxe1 g6 26. h4 Rad8 27. h5 Rd4 28. Nd2 Rfd8 29. hxg6 hxg6 30. e6 f5 31. Bh4 Bxh4 32. e7+ Kg7 33. exd8=Q Bxd8 34. Ba2 Bf6 35. Nf3 Rxf4 36. Ke2 Bxb2 37. Bd5 c6 38. Bb3 Bxa3 39. Nd2 Bc5 40. f3 b5 41. Be6 Rd4 42. Bc8 Rd8 43. Bb7 Rd6 44. Nb3 Bb6 45. f4 Kf6 46. Nd2 g5 47. Nf3 gxf4 48. Nh4 a5 49. Kf3 a4 50. Kxf4 a3 51. Nf3 a2 52. Ng5 Rd4+ 53. Ke3 Kxg5 54. Bxc6 a1=Q 55. Bf3 Qc1+ 56. Kf2 Rg4+ 57. Ke2 Qe3+ 58. Kd1 Rc4 59. Be4 Rc1# 0-1


[Site "https://www.chess.com"]

[Event "Titled Tuesday Blitz July 4 Late 2023"]
[White "Bochnicka, Vladimir"]
[Black "Siniauski, Artsiom"]
[WhiteFideId "14943450"]
[BlackFideId "13512269"]
[WhiteElo "2399"]
[BlackElo "2553"]
[Result "0-1"]
[Round "3"]
[TimeControl "180+2"]
[Date "2023.07.04"]
[WhiteClock "0:00:12"]
[BlackClock "0:00:26"]
[Board "101"]

1. e4 d6 2. d4 Nf6 3. Nc3 Nbd7 4. g4 e5 5. g5 Ng8 6. Nf3 h6 7. gxh6 Nxh6 8. Rg1 c6 9. Be3 Qc7 10. Qd2 g6 11. O-O-O Bg7 12. dxe5 dxe5 13. Bc4 Nf8 14. Ng5 Bd7 15. Na4 b5 16. Nxf7 Nxf7 17. Bxf7+ Kxf7 18. Nc5 Be6 19. f4 Rh3 20. f5 Bxa2 21. fxg6+ Kg8 22. b3 a5 23. Kb2 a4 24. Kxa2 axb3+ 25. Kxb3 Qa7 26. Ra1 Qxc5 27. Rxa8 Rxe3+ 28. Kb2 Rxe4 29. Rf1 Rb4+ 30. Kc1 e4 31. Re8 e3 32. Qxe3 Qxe3+ 33. Rxe3 Bh6 34. Kd2 Re4 35. Re1 Nxg6 36. Kd3 Rxe3+ 37. Rxe3 Bxe3 38. Kxe3 Kf7 39. Kd4 Ke6 40. Kc5 Kd7 41. h4 Nxh4 42. c4 bxc4 43. Kxc4 Ng6 44. Kc5 Ne7 45. Kd4 Nc8 46. Kc3 Kd6 47. Kd2 Kd5 48. Kc2 Nd6 49. Kd3 Kc5 50. Kc2 Nb5 51. Kd3 Kb4 52. Kd2 Kc4 53. Ke2 c5 54. Kf3 Kb3 55. Ke3 c4 56. Kf4 c3 57. Ke5 Kb2 58. Kf5 Na3 59. Kf6 c2 60. Ke6 c1=Q 61. Ke7 Nc4 62. Kd7 Qh6 63. Kc7 Qd6+ 64. Kc8 Qe7 65. Kb8 Nd6 66. Ka8 Qb7# 0-1


[Site "https://www.chess.com"]

[Event "Titled Tuesday Blitz July 4 Late 2023"]
[White "Campos, Maria Jose"]
[Black "Sadovsky, Artem"]
[WhiteFideId "146803"]
[BlackFideId "4155840"]
[WhiteElo "2388"]
[BlackElo "2552"]
[Result "1/2-1/2"]
[Round "3"]
[TimeControl "180+2"]
[Date "2023.07.04"]
[WhiteClock "0:00:18"]
[BlackClock "0:00:12"]
[Board "102"]

1. c4 g6 2. g3 Bg7 3. Bg2 e5 4. Nc3 Ne7 5. d3 O-O 6. e4 Nbc6 7. Nge2 d6 8. O-O f5 9. Bg5 f4 10. gxf4 h6 11. Bxe7 Qxe7 12. Nd5 Qf7 13. f3 exf4 14. d4 g5 15. b4 Be6 16. b5 Na5 17. Rc1 c6 18. bxc6 bxc6 19. Qa4 Nxc4 20. Nb4 c5 21. Nc6 Nb6 22. Qd1 Bxa2 23. d5 Nxd5 24. exd5 Bxd5 25. Qxd5 Qxd5 26. Ne7+ Kf7 27. Nxd5 Ke6 28. Nc7+ Kd7 29. Nd5 Kc6 30. Nec3 Bd4+ 31. Kh1 a5 32. Bh3 a4 33. Ne7+ Kb6 34. Rb1+ Ka6 35. Nxa4 Rab8 36. Nc6 Rb5 37. Nxd4 cxd4 38. Bd7 Rxb1 39. Rxb1 Rd8 40. Bc6 Ka5 41. Nb2 Kb4 42. Rc1 Rc8 43. Nd3+ Ka3 44. Rc4 Kb3 45. Rc1 Ka3 46. Kg2 Rc7 47. Kh3 d5 48. Kg4 Re7 49. Bxd5 Re3 50. Be4 Re2 51. h3 Rg2+ 52. Kf5 Kb3 53. Rc6 Rg3 54. Rxh6 Kc3 55. Rc6+ Kd2 56. Rd6 Ke3 57. Nb4 Rxh3 58. Kxg5 Rg3+ 59. Kf5 Rg8 60. Bc6 Rf8+ 61. Ke6 Rh8 62. Kd7 Rh7+ 63. Kc8 Ra7 64. Re6+ Kd2 65. Rd6 Kc3 66. Nd5+ Kc4 67. Nf6 Kc5 68. Re6 d3 69. Be4 d2 70. Rc6+ Kd4 71. Rd6+ Ke3 72. Ng4+ Ke2 73. Bc2 Ra3 74. Ne5 Rc3+ 75. Rc6 Rxc6+ 76. Nxc6 Kxf3 77. Bd1+ Ke3 78. Kd7 f3 79. Ne5 f2 80. Ng4+ Kf4 81. Nxf2 Ke3 82. Ng4+ Kf4 83. Nf6 Ke5 84. Ke7 Kd4 85. Ke6 Ke3 86. Nd5+ Kf2 87. Nc3 Ke1 88. Kd5 Kf2 89. Kd4 Ke1 90. Kd3 Kf2 91. Kxd2 Kg3 92. Be2 Kf4 93. Kd3 Ke5 94. Ne4 Kf4 95. Kd4 Kf5 96. Bd3 Kf4 97. Nd2 Kg5 98. Ke4 Kf6 99. Bc4 Kg5 100. Nf3+ Kg4 101. Be6+ Kg3 102. Ke3 Kg2 103. Bf5 Kg3 104. Be6 Kg2 105. Kf4 Kf2 106. Bc4 Kg2 107. Ne5 Kf2 108. Bb5 Ke1 109. Ke3 Kd1 110. Bc4 Ke1 111. Nd3+ Kd1 112. Bb5 Kc2 113. Kd4 Kd2 114. Ba4 Ke2 115. Ke4 Kd2 116. Nc5 Kc3 117. Kd5 Kd2 118. Bb5 Kc3 119. Ne4+ Kb4 120. Bd3 Kb3 121. Kd4 Kb4 122. Nd6 Kb3 123. Nc4 Kb4 124. Bc2 Kb5 125. Kd5 Kb4 126. Kd4 Kb5 127. Bd1 Kb4 128. Nd6 Ka3 129. Kc3 Ka2 130. Nb5 Ka1 131. Kc2 Ka2 132. Be2 Ka1 133. Bf3 Ka2 134. Bc6 Ka1 135. Nd4 Ka2 136. Nb3 Ka3 137. Kc3 Ka2 138. Bd7 Ka3 139. Bf5 Ka2 140. Bd3 Ka3 141. Bb1 1/2-1/2


[Site "https://www.chess.com"]

[Event "Titled Tuesday Blitz July 4 Late 2023"]
[White "Toolin, Christopher"]
[Black "Ambartsumova, Karina"]
[WhiteFideId "2024543"]
[BlackFideId "4166299"]
[WhiteElo "2387"]
[BlackElo "2552"]
[Result "1-0"]
[Round "3"]
[TimeControl "180+2"]
[Date "2023.07.04"]
[WhiteClock "0:00:06"]
[BlackClock "0:00:00"]
[Board "103"]

1. d4 Nf6 2. c4 e6 3. Nf3 c5 4. d5 exd5 5. cxd5 Bd6 6. g3 O-O 7. Bg2 a6 8. a4 Bc7 9. O-O d6 10. Nc3 Nbd7 11. Bf4 Re8 12. Nd2 Nf8 13. Qc2 Ng6 14. Bg5 h6 15. Bxf6 Qxf6 16. Nc4 Rb8 17. a5 Bd7 18. e4 Bb5 19. Nxb5 axb5 20. Ne3 Ra8 21. Qb3 b4 22. f4 Rxa5 23. Nc4 Rxa1 24. Rxa1 Qd4+ 25. Kh1 b5 26. Ne3 c4 27. Nf5 Qd2 28. Qa2 b3 29. Qb1 b4 30. Qc1 Qxc1+ 31. Rxc1 c3 32. Nd4 cxb2 33. Rb1 Ra8 34. Nxb3 Ra2 35. Bf1 Nf8 36. Kg1 Bb6+ 37. Kg2 Nd7 38. Kf3 Nc5 39. Bc4 Nxb3 40. Bxb3 Ra3 41. Rxb2 Bd4 42. Rb1 Kf8 43. Ke2 Bc3 44. Kd3 Ke7 45. Kc4 g5 46. fxg5 hxg5 47. Rf1 f6 48. h4 gxh4 49. gxh4 Ra8 50. Bd1 Rc8+ 51. Kb3 Bd2 52. Bg4 Rc3+ 53. Kb2 Rg3 54. Bf5 Rg2 55. Kb3 Rh2 56. Rd1 Bc3 57. Rg1 Rxh4 58. Rg7+ Kf8 59. Rd7 1-0


[Site "https://www.chess.com"]